 Dungeon Crawl Stone Soup version 0.17.1-2-g5865329 (webtiles) character file.

10070 simples the Cleaver (level 11, -5/100 HPs)
             Began as a Minotaur Berserker on Feb 13, 2016.
             Was a High Priest of Trog.
             Succumbed to Sonja's curare-tipped needle
             ... on level 10 of the Dungeon.
             The game lasted 00:17:13 (11594 turns).

simples the Cleaver (Minotaur Berserker)           Turns: 11594, Time: 00:17:14

Health: -5/100     AC: 18    Str: 24    XL:     11   Next: 31%
Magic:  10/10      EV: 13    Int:  4    God:    Trog [*****.]
Gold:   447        SH:  0    Dex: 11    Spells: 0 memorised, 10 levels left

rFire  + . .     SeeInvis .     k - +1 battleaxe (elec)
rCold  . . .     Clarity  .     A - +0 chain mail (curse)
rNeg   . . .     SustAt   .     (shield currently unavailable)
rPois  .         Gourm    +     C - +0 hat
rElec  .         Spirit   .     s - +1 cloak {+Inv}
rCorr  .         Warding  .     I - +2 pair of gloves
rMut   .         Stasis   .     n - +0 pair of boots
MR     ++...                    o - amulet of the gourmand
Stlth  ..........               h - ring of protection from fire
                                f - +1 ring of evasion

@: lethally poisoned (-5 -> -36), regenerating, slowed, very slow, very
resistant to hostile enchantments, extremely unstealthy
A: retaliatory headbutt, horns 2
a: Berserk, Trog's Hand, Brothers in Arms, Burn Spellbooks, Renounce Religion,
Evoke Invisibility


You were on level 10 of the Dungeon.
You worshipped Trog.
Trog was extremely pleased with you.
You were full.

You visited 1 branch of the dungeon, and saw 11 of its levels.
You also visited: Ossuary and Bailey.

You collected 635 gold pieces.
You spent 188 gold pieces at shops.

Inventory:

Hand Weapons
 i - a +2 mace of protection
 k - a +1 battleaxe of electrocution (weapon)
 t - a +1 mace of holy wrath
 w - a +2 war axe of chopping
Armour
 n - a +0 pair of boots (worn)
 s - a +1 cloak of invisibility (worn)
 A - a cursed +0 chain mail (worn)
 C - a +0 hat (worn)
 I - a +2 pair of gloves (worn)
Jewellery
 e - an uncursed amulet of regeneration {unknown}
 f - a +1 ring of evasion (left hand)
 h - a ring of protection from fire (right hand)
 o - an amulet of the gourmand (around neck)
 U - a +2 ring of strength {unknown}
 W - an uncursed ring of magical power {unknown}
Wands
 a - a wand of digging (13)
 X - a wand of teleportation (5)
Scrolls
 d - 2 scrolls of recharging
 g - 7 scrolls of teleportation
 j - 2 scrolls of noise
 q - 6 scrolls of enchant weapon
 u - 6 scrolls of remove curse
 y - a scroll of random uselessness
 D - a scroll of acquirement {unknown}
 F - 2 scrolls of magic mapping {unknown}
 H - 5 scrolls of blinking
 K - 2 scrolls of enchant armour
 M - a scroll of holy word {unknown}
 P - 3 scrolls of fog
 Q - 3 scrolls of identify
 R - a scroll of immolation {unknown}
 T - 3 scrolls of vulnerability {unknown}
Potions
 l - 2 potions of agility
 m - 6 potions of heal wounds
 p - 2 potions of cancellation
 r - 4 potions of flight
 v - 4 potions of brilliance
 z - a potion of poison {unknown}
 B - 2 potions of magic
 E - 7 potions of curing
 G - 4 potions of lignification {unknown}
 L - a potion of beneficial mutation {unknown}
 N - 2 potions of might {unknown}
 O - a potion of mutation {unknown}
 S - a potion of berserk rage {unknown}
 Z - a potion of haste
Books
 Y - a book of Debilitation

   Spells                             Type                      Level
   a - Corona                         Hexes                        1
   b - Slow                           Hexes                        2
   c - Gell's Gravitas                Hexes/Translocation          3
   d - Inner Flame                    Hexes/Fire                   3
   e - Cause Fear                     Hexes                        4
   f - Leda's Liquefaction            Hexes/Earth                  4
   Trog disapproves of the use of such an item.
Comestibles
 b - a slice of pizza
 c - 9 bread rations
 x - 2 royal jellies
 J - 3 beef jerkies
 V - 3 meat rations


   Skills:
 + Level 10.2 Fighting
 * Level 13.6 Axes
 + Level 9.5 Armour
 + Level 9.2 Dodging


You had 10 spell levels left.
You didn't know any spells.

Dungeon Overview and Level Annotations

Branches:
Dungeon (11/15)            Temple (0/1) D:6
   Lair: D:8-11         Orc: D:9-12

Altars:
Dithmenos
Elyvilon
Fedhas
Makhleb
Okawaru
Sif Muna
The Shining One

Shops:
D:6 *   D:10 !

Annotations:
D:11 Sonja


Innate Abilities, Weirdness & Mutations

You reflexively headbutt those who attack you in melee.
You have a pair of horns on your head.


Message History

You have difficulty breathing.
* * * LOW HITPOINT WARNING * * *
You feel as though you will be slow longer.
There is a stone staircase leading up here.
You see here a curare-tipped needle.
* * * LOW HITPOINT WARNING * * *
You feel very sick.
Sonja shoots a curare-tipped needle.
The curare-tipped needle hits you.
You are more poisoned.
You have difficulty breathing.
* * * LOW HITPOINT WARNING * * *
You feel as though you will be slow longer.
Sonja says, "If only old Madame Brzewit could see me now!"
Sonja shoots a curare-tipped needle.
The curare-tipped needle hits you.
You are more poisoned.
You have difficulty breathing.
* * * LOW HITPOINT WARNING * * *
You feel as though you will be slow longer.
You climb upwards.
You die...

#####.......# ###### ##
#..........### #....###.
#..##..###...###....#...
##...#..##.#..#.......## ###
###.##.....#.......#### ..#######
##.#.......>...(......
........####....................#
.............#...##.....#...###..
........######.#@..########## ###
........### #.#####
...[(.....####.## ♣♣♣
..##(####.......##♣♣ ♣♣♣.♣♣♣
####.)....##.......♣♣ ♣♣.....♣♣ ♣
##..............).♣♣♣.......♣♣♣
#............≈≈≈...♣...≈≈≈...♣.
#...<.......≈≈≈≈≈.....≈≈≈≈≈....
##.#.........≈≈♣≈≈...(.≈≈_≈≈....


There were no monsters in sight!

Vanquished Creatures
  A deep elf knight (Bailey)
  Pikel (D:5)
  2 hill giants (D:10)
  The ghost of Dustman the Firebug, a novice HuFE (D:5)
  2 deep elf priests (Bailey)
  Grinder (D:3)
  2 two-headed ogres (D:8)
  Sigmund (D:5)
  A spriggan (D:7)
  5 deep elf magi (Bailey)
  A hippogriff (D:10)
  4 deep elf fighters (Bailey)
  4 slaves (D:5)
  3 orc warriors
  3 phantoms
  A water moccasin (D:10)
  8 ogres
  A black bear (D:9)
  4 ice beasts
  6 centaurs
  Blork the orc (D:5)
  6 giant frogs
  A scorpion (D:7)
  4 wights (D:6)
  13 killer bees
  6 crimson imps
  2 centaur zombies
  2 orc wizards
  A centaur skeleton (D:7)
  2 giant frog skeletons
  Crazy Yiuf (D:2)
  A jelly (D:8)
  A giant frog zombie (D:5)
  3 hounds
  Natasha (thrice) (D:3)
  4 iguanas
  An orc priest (D:7)
  9 worker ants
  3 mummies (Ossuary)
  A hound skeleton (D:4)
  2 worker ant zombies (D:7)
  9 adders
  4 gnolls (D:8)
  5 shadow imps
  2 oozes
  An adder zombie (Ossuary)
  A worm (D:5)
  7 giant geckos
  31 orcs
  4 ball pythons
  13 bats
  9 giant cockroaches
  2 gnoll zombies (Ossuary)
  13 goblins
  6 hobgoblins
  11 jackals
  4 quokkas
  3 giant newts
  4 goblin zombies (Ossuary)
  3 hobgoblin zombies (Ossuary)
  6 kobolds
  2 quokka zombies (Ossuary)
  9 rats
  6 rat zombies (Ossuary)
274 creatures vanquished.

Notes
Turn   | Place    | Note
--------------------------------------------------------------
     0 | D:1      | simples the Minotaur Berserker began the quest for the Orb.
     0 | D:1      | Reached XP level 1. HP: 19/19 MP: 0/0
   161 | D:1      | Reached XP level 2. HP: 15/26 MP: 1/1
   416 | D:1      | Reached skill level 4 in Axes
   886 | D:2      | Reached ** piety under Trog
   937 | D:2      | Reached XP level 3. HP: 23/33 MP: 2/2
  1636 | D:2      | Reached XP level 4. HP: 33/40 MP: 3/3
  1809 | D:2      | Noticed Crazy Yiuf
  1817 | D:2      | Killed Crazy Yiuf
  1817 | D:2      | Reached skill level 5 in Axes
  2491 | D:3      | Noticed Natasha
  2497 | D:3      | Killed Natasha
  2497 | D:3      | Reached XP level 5. HP: 45/47 MP: 4/4
  2649 | D:3      | Noticed Grinder
  2654 | D:3      | Paralysed by Grinder for 7 turns
  2678 | D:3      | Killed Grinder
  2678 | D:3      | Reached skill level 6 in Axes
  2678 | D:3      | Reached XP level 6. HP: 14/55 MP: 5/5
  2964 | D:3      | Noticed Natasha
  2972 | D:3      | Killed Natasha
  3082 | D:3      | Reached *** piety under Trog
  3240 | D:3      | Noticed Natasha
  3245 | D:3      | Killed Natasha
  3286 | D:4      | Reached skill level 5 in Fighting
  3306 | D:4      | Reached skill level 7 in Axes
  3306 | D:4      | Reached XP level 7. HP: 25/61 MP: 6/6
  4117 | D:5      | Entered Level 5 of the Dungeon
  4382 | D:5      | Noticed Dustman's ghost (novice HuFE)
  4394 | D:5      | Killed Dustman's ghost
  4394 | D:5      | Reached skill level 5 in Armour
  4667 | D:5      | Noticed Blork the orc
  4681 | D:5      | Killed Blork the orc
  4681 | D:5      | Reached skill level 8 in Axes
  4681 | D:5      | Reached XP level 8. HP: 56/70 MP: 7/7
  4722 | D:5      | Reached skill level 5 in Dodging
  4958 | D:5      | Found a glowing golden altar of the Shining One.
  5139 | D:5      | Noticed Sigmund
  5154 | D:5      | Killed Sigmund
  5154 | D:5      | Reached skill level 9 in Axes
  5385 | D:5      | Noticed Pikel
  5385 | D:5      | Found a burning altar of Makhleb.
  5399 | D:5      | Killed Pikel
  5807 | D:6      | Reached XP level 9. HP: 62/79 MP: 8/8
  5974 | D:6      | Found a sand-covered staircase.
  5994 | D:6      | Reached skill level 10 in Axes
  6003 | Ossuary  | Entered an ossuary
  6254 | D:6      | Found Woucoop's General Store.
  6264 | D:6      | Bought a potion of curing for 42 gold pieces
  6264 | D:6      | Bought a potion of curing for 42 gold pieces
  6356 | D:6      | Found a staircase to the Ecumenical Temple.
  6696 | D:7      | Found an iron altar of Okawaru.
  6894 | D:7      | Found a shadowy altar of Dithmenos.
  6946 | D:7      | Reached **** piety under Trog
  7183 | D:7      | Reached skill level 11 in Axes
  7300 | D:7      | Found a white marble altar of Elyvilon.
  7300 | D:7      | Found a deep blue altar of Sif Muna.
  7691 | D:8      | Reached XP level 10. HP: 81/90 MP: 9/9
  7823 | D:8      | Reached ***** piety under Trog
  7899 | D:8      | Found a flagged portal.
  7913 | Bailey   | Entered a bailey
  7951 | Bailey   | Reached skill level 12 in Axes
  8072 | Bailey   | Noticed a deep elf knight
  8095 | Bailey   | Killed a deep elf knight
  9549 | D:9      | Found a blossoming altar of Fedhas.
  9584 | D:9      | Received a gift from Trog
  9756 | D:9      | Reached skill level 13 in Axes
  9762 | D:9      | Reached XP level 11. HP: 87/99 MP: 10/10
 10241 | D:10     | Entered Level 10 of the Dungeon
 10289 | D:10     | Found Musotada's Distillery.
 10291 | D:10     | Noticed a hill giant
 10303 | D:10     | Reached skill level 10 in Fighting
 10304 | D:10     | Killed a hill giant
 11021 | D:10     | Bought a potion of heal wounds for 65 gold pieces
 11021 | D:10     | Bought a potion of curing for 39 gold pieces
 11071 | D:10     | Noticed a hill giant
 11081 | D:10     | Killed a hill giant
 11293 | D:10     | Found a white marble altar of Elyvilon.
 11576 | D:11     | Noticed Sonja
 11593 | D:11     | HP: 2/100 [asphyx]
 11594 | D:10     | Succumbed to Sonja's curare-tipped needle

Action                   |  1- 3 |  4- 6 |  7- 9 | 10-12 || total
-------------------------+-------+-------+-------+-------++-------
Melee: Hand axe          |    86 |   113 |    61 |       ||   260
       War axe           |       |       |   263 |   127 ||   390
       Battleaxe         |       |       |       |    77 ||    77
Invok: Berserk           |       |     2 |     2 |     1 ||     5
       Trog's Hand       |       |     1 |       |     3 ||     4
  Use: Potion            |     2 |       |       |       ||     2
       Scroll            |       |     4 |    10 |     4 ||    18
  Eat: Chunk             |     2 |    22 |    16 |    11 ||    51
